 Dungeon Crawl Stone Soup version 0.27-a0-1105-g946c659c87 (webtiles) character file.

Game seed: 9636933068017768124

159 flotson the Covert (level 5, 0/47 HPs)
             Began as a Gnoll Delver on Apr 29, 2021.
             Slain by a scorpion (4 damage)
             ... on level 3 of the Dungeon.
             The game lasted 00:05:29 (3227 turns).

flotson the Covert (Gnoll Delver)                   Turns: 3227, Time: 00:05:29

Health: 0/47       AC:  5    Str: 12    XL:     5   Next: 40%
Magic:  7/7        EV:  9    Int:  9    God:
Gold:   142        SH:  7    Dex: 14    Spells: 6/6 levels left

rFire    . . .     SeeInvis .   a - +0 spear
rCold    . . .     Faith    .   k - +0 kite shield
rNeg     . . .     Spirit   .   h - +0 ring mail
rPois    .         Reflect  .   (no helmet)
rElec    .         Harm     .   (no cloak)
rCorr    .         Rampage  .   (no gloves)
Will     .....                  (no boots)
Stlth    ++++......             (no amulet)
HPRegen  0.15/turn              (no ring)
MPRegen  0.10/turn              (no ring)

@: brilliant, lethally poisoned (0 -> -4)
A: fangs 1, strong nose, distributed training
a: no special abilities


You were on level 3 of the Dungeon.
You visited 1 branch of the dungeon, and saw 5 of its levels.

You collected 142 gold pieces.

Inventory:

Hand Weapons
 a - a +0 spear (weapon)
 b - a +0 hunting sling
Missiles
 n - 21 poisoned darts (quivered)
 q - 82 stones
 s - 17 sling bullets
Armour
 h - a +0 ring mail (worn)
 k - a +0 kite shield (worn)
Wands
 g - a wand of digging (3)
Scrolls
 c - a scroll of fog
 d - a scroll of magic mapping
 e - a scroll of fear
 f - a scroll of amnesia {unknown}
 i - 3 scrolls of vulnerability {unknown}
 l - 2 scrolls of silence {unknown}
 m - 2 scrolls of noise {unknown}
 o - a scroll of enchant weapon {unknown}
 p - 4 scrolls of identify {unknown}


   Skills:
 + Level 6.7 Fighting
 + Level 1.4 Short Blades
 + Level 1.4 Long Blades
 + Level 1.4 Axes
 + Level 1.4 Maces & Flails
 + Level 4.8 Polearms
 + Level 1.4 Staves
 + Level 1.4 Slings
 + Level 1.4 Bows
 + Level 1.4 Crossbows
 + Level 1.4 Throwing
 + Level 1.4 Armour
 + Level 4.8 Dodging
 + Level 9.6 Stealth
 + Level 1.4 Shields
 + Level 1.4 Unarmed Combat
 + Level 1.4 Spellcasting
 + Level 1.1 Conjurations
 + Level 1.1 Hexes
 + Level 1.1 Summonings
 + Level 1.1 Necromancy
 + Level 1.1 Translocations
 + Level 1.1 Transmutations
 + Level 1.1 Fire Magic
 + Level 1.1 Ice Magic
 + Level 1.1 Air Magic
 + Level 1.1 Earth Magic
 + Level 1.1 Poison Magic
 + Level 1.6 Invocations
 + Level 1.4 Evocations


You had 6 spell levels left.
You didn't know any spells.
Your spell library was empty.

Dungeon Overview and Level Annotations

Branches:
Dungeon (5/15)
 Temple: D:4-7

Altars:


Innate Abilities, Weirdness & Mutations

You have very sharp teeth.
Your uncanny sense of smell can sniff out nearby items.
Your experience applies equally to all skills.


Message History

You hit the scorpion.
The scorpion is heavily wounded.
You block the scorpion's attack. The scorpion stings you.
You hit the scorpion but do no damage.
The scorpion is moderately wounded.
The scorpion stings you.
You hit the scorpion.
The scorpion is heavily wounded.
The scorpion stings you.
You are poisoned.
The scorpion poisons you!
You hit the scorpion.
The scorpion is heavily wounded.
You feel very sick. The scorpion stings you.
* * * LOW HITPOINT WARNING * * *
The scorpion stings you but does no damage.
You feel better. The scorpion stings you.
You are poisoned.
The scorpion poisons you!
Your shield and ring mail prevent you from hitting the scorpion.
You bite the scorpion, but do no damage.
The scorpion is heavily wounded.
You feel very sick.
The scorpion stings you but does no damage.
You closely miss the scorpion.
The scorpion is heavily wounded.
You feel sick. The scorpion stings you.
* * * LOW HITPOINT WARNING * * *
You block the scorpion's attack.
It was a potion of brilliance.
You feel clever all of a sudden.
* * * LOW HITPOINT WARNING * * *
You feel sick.
The scorpion stings you but does no damage.
You hit the scorpion but do no damage.
The scorpion is heavily wounded.
* * * LOW HITPOINT WARNING * * *
You feel sick. The scorpion stings you.
You die...

.#.##.## ##.# #..... ###†#
...##..# #.#### ##.... #....
#..###.# #....# ##.... #.g.#
#......#######.##?............###
##.##..........#..#.........#..
#.####.....#...................
#.# #####.......##.............
#.# ####..#................ #.#
#....@#............... #.#
#.!.....s(..........(... #.#
#....#####(............. #....
#............ #.... ...........
###.. .....(...# .. .......<.# ##
.#......#...... #.......# .....


You could see a scorpion.

Vanquished Creatures
  An orc priest (D:3)
  A centaur skeleton (D:5)
  A hound skeleton (D:4)
  2 adders (D:3)
  A gnoll (D:3)
  A dart slug (D:3)
  5 orcs
  5 endoplasms
  A giant cockroach (D:3)
  5 goblins
  5 hobgoblins
  6 kobolds
  5 quokkas
  6 ball pythons
  A bat (D:3)
  4 frilled lizards
  A quokka skeleton (D:4)
  3 rats
54 creatures vanquished.

Notes
Turn   | Place    | Note
-------+----------+-------------------------------------------
     0 | D:5      | Reached skill level 9 in Stealth
     0 | D:5      | flotson the Gnoll Delver began the quest for the Orb.
     0 | D:5      | Reached XP level 1. HP: 23/23 MP: 1/1
   125 | D:5      | Noticed a scorpion
   193 | D:5      | Noticed a necrophage
   213 | D:5      | Reached XP level 2. HP: 27/29 MP: 2/2
   213 | D:5      | Reached XP level 3. HP: 32/35 MP: 3/3
   226 | D:5      | Noticed a centaur
   327 | D:4      | Noticed an ogre
   430 | D:4      | Reached skill level 1 in Invocations
   493 | D:4      | Noticed a phantom
   595 | D:3      | Reached skill level 1 in Short Blades
   595 | D:3      | Reached skill level 1 in Long Blades
   595 | D:3      | Reached skill level 1 in Axes
   595 | D:3      | Reached skill level 1 in Maces & Flails
   595 | D:3      | Reached skill level 1 in Staves
   595 | D:3      | Reached skill level 1 in Slings
   595 | D:3      | Reached skill level 1 in Bows
   595 | D:3      | Reached skill level 1 in Crossbows
   595 | D:3      | Reached skill level 1 in Throwing
   595 | D:3      | Reached skill level 1 in Armour
   595 | D:3      | Reached skill level 1 in Shields
   595 | D:3      | Reached skill level 1 in Unarmed Combat
   595 | D:3      | Reached skill level 1 in Spellcasting
   595 | D:3      | Reached skill level 1 in Evocations
   595 | D:3      | Reached XP level 4. HP: 26/41 MP: 5/5
  1215 | D:1      | Found a faded altar of an unknown god.
  1509 | D:1      | Reached skill level 1 in Conjurations
  1509 | D:1      | Reached skill level 1 in Hexes
  1509 | D:1      | Reached skill level 1 in Summonings
  1509 | D:1      | Reached skill level 1 in Necromancy
  1509 | D:1      | Reached skill level 1 in Translocations
  1509 | D:1      | Reached skill level 1 in Transmutations
  1509 | D:1      | Reached skill level 1 in Fire Magic
  1509 | D:1      | Reached skill level 1 in Ice Magic
  1509 | D:1      | Reached skill level 1 in Air Magic
  1509 | D:1      | Reached skill level 1 in Earth Magic
  1509 | D:1      | Reached skill level 1 in Poison Magic
  2503 | D:3      | Noticed a scorpion
  2910 | D:3      | Reached XP level 5. HP: 31/47 MP: 5/7
  3227 | D:3      | Slain by a scorpion

Illustrated notes

Levels and vault maps discovered:
D:1:      dpeg_arrival_rooms_b, layout_basic,
          shapermc_ecumenical_altar_flowoftime, minmay_pentomino_s4
D:2:      layout_loops_ring
D:3:      layout_rooms
D:4:      kennysheep_kobold_camp, layout_loops_ring
D:5:      layout_basic, serial_shops, nicolae_shop_behind_doors, uniq_grinder,
          uniq_pikel, uniq_edmund

Skill      XL: |  1  2  3  4 |
---------------+-------------+-----
Stealth        | |  9.6
Invocations    | 1 |  1.6
Short Blades   | 1 |  1.4
Long Blades    | 1 |  1.4
Axes           | 1 |  1.4
Maces & Flails | 1 |  1.4
Staves         | 1 |  1.4
Slings         | 1 |  1.4
Bows           | 1 |  1.4
Crossbows      | 1 |  1.4
Throwing       | 1 |  1.4
Armour         | 1 |  1.4
Shields        | 1 |  1.4
Unarmed Combat | 1 |  1.4
Spellcasting   | 1 |  1.4
Evocations     | 1 |  1.4
Conjurations   | 1 |  1.1
Hexes          | 1 |  1.1
Summonings     | 1 |  1.1
Necromancy     | 1 |  1.1
Translocations | 1 |  1.1
Transmutations | 1 |  1.1
Fire Magic     | 1 |  1.1
Ice Magic      | 1 |  1.1
Air Magic      | 1 |  1.1
Earth Magic    | 1 |  1.1
Poison Magic   | 1 |  1.1
Fighting       | |  6.7
Polearms       | |  4.8
Dodging        | |  4.8

Action                   |  1- 3 |  4- 6 || total
-------------------------+-------+-------++-------
Melee: Spear             |    52 |   138 ||   190
       Bite              |     4 |     9 ||    13
 Fire: Hunting sling     |       |    43 ||    43
  Use: Potion            |     1 |     3 ||     4
 Stab: Sleeping          |     1 |    19 ||    20
Armor: Ring mail         |    19 |    27 ||    46
Dodge: Dodged            |    23 |    29 ||    52
Block: Kite shield       |       |    46 ||    46

Table legend: (Time is in decaauts)
 A = Elapsed time spent in this place.
 B = Non-inter-level travel time spent in this place.
 C = Inter-level travel time spent in this place.
 D = Time resting spent in this place.
 E = Time spent auto-exploring this place.
 F = Levels seen in this place.
 G = Mean time per level.
                   A        B        C        D        E       F      G
               +--------+--------+--------+--------+--------+-----+--------+
         Total |   3234 |   3132 |    102 |    234 |   2153 |   5 |  646.8 |
       Dungeon |   3234 |   3132 |    102 |    234 |   2153 |   5 |  646.8 |
               +--------+--------+--------+--------+--------+-----+--------+

Top non-repeatable levels by time:
     D:1: 1155 daAuts
     D:3: 906 daAuts
     D:2: 657 daAuts
     D:4: 280 daAuts
     D:5: 234 daAuts
